AoeStats
← CCA

Four Lakes

509433157Analyzed
1v1 RM · 6d ago on Sep 26, 2026· 44m 29s· 2 players
Game mode
Random Map
Map size
Tiny (2 player)
Population
200
Speed
Normal
Resources
Standard
Victory
Conquest
Starting age
Dark Age
Ending age
Imperial Age
RankedLock teamsTeams togetherTeam positionsShared explorationLock speedFull tech treeHidden civsTurbo modeCheats
Victory
Defeat
🇳🇱 Romans · Netherlands
821
+38
🇲🇽 Koreans · Mexico
820
-42
Kuate6847
15:04 Feudal Age
21:39 Double-Bit Axe
27:57 Horse Collar
29:07 Man-at-Arms
38:56 Castle Age
CCA
12:06 Feudal Age
12:41 Horse Collar
12:48 Double-Bit Axe
14:49 Gold Mining
15:39 Wheelbarrow
15:07 Man-at-Arms
19:57 Stone Mining
23:02 Castle Age
21:24 Forging
22:36 Scale Mail Armor
23:27 Padded Archer Armor
23:19 Fletching
24:38 Hand Cart
24:56 Bow Saw
26:13 Iron Casting
25:55 Leather Archer Armor
26:04 Chain Mail Armor
26:06 Heavy Plow
28:04 Gold Shaft Mining
26:56 Crossbowman
27:41 Bodkin Arrow
28:02 Leather Archer Armor
28:16 Elite Skirmisher
28:19 Long Swordsman
29:00 Squires
38:17 Imperial Age
37:15 Husbandry
39:10 Capped Ram
40:56 Blast Furnace
40:28 Ring Archer Armor
39:41 Legionary
40:47 Legionary
41:46 Scale Barding Armor
Connection lost

Rejoining the realm…

Still unreachable

The connection could not be restored.

Session expired

The server has moved on; the page needs a fresh start.